 Dungeon Crawl Stone Soup version 0.22-b1-26-g9dbaab1 (webtiles) character file.

10010 Doobh the Nimble (level 11, -1/73 HPs)
             Began as a Kobold Assassin on Aug 7, 2018.
             Was a Believer of Dithmenos.
             Slain by a yak (13 damage)
             ... on level 9 of the Dungeon on Aug 8, 2018.
             The game lasted 00:57:06 (11985 turns).

Doobh the Nimble (Kobold Assassin)                 Turns: 11985, Time: 00:57:07

Health: -1/73      AC:  4    Str:  9    XL:     11   Next: 85%
Magic:  11/11      EV: 25    Int: 12    God:    Dithmenos [**....]
Gold:   631        SH:  0    Dex: 20    Spells: 4/10 levels left

rFire    . . .     SeeInvis +   v - +5 short sword (freeze)
rCold    . . .     Gourm    .   (shield restricted)
rNeg     . . .     Faith    .   I - +2 robe {MR+}
rPois    .         Spirit   .   (no helmet)
rElec    .         Reflect  .   q - scarf {cloud immunity}
rCorr    .         Harm     .   (no gloves)
MR       ++...                  (no boots)
Stlth    +++++++...             x - amulet of regeneration
HPRegen  0.62/turn              m - ring of see invisible
MPRegen  0.12/turn              t - ring of protection from magic

@: wreathed by umbra
A: small, carnivore
a: Shadow Step, Renounce Religion


You were on level 9 of the Dungeon.
You worshipped Dithmenos.
Dithmenos was pleased with you.
You were very full.

You visited 2 branches of the dungeon, and saw 11 of its levels.

You collected 631 gold pieces.

Inventory:

Hand Weapons
 a - a +2 dagger
 b - a +0 blowgun
 c - a +2 dagger of holy wrath
 v - a +5 short sword of freezing (weapon)
Missiles
 e - 16 poisoned needles
Armour
 q - a scarf of cloud immunity (worn)
 I - a +2 robe of magic resistance (worn)
Jewellery
 d - a +2 ring of protection {unknown}
 j - an uncursed ring of wizardry {unknown}
 m - a ring of see invisible (left hand)
 o - a +3 ring of dexterity {unknown}
 t - a ring of protection from magic (right hand)
 x - an amulet of regeneration (around neck)
 y - an uncursed ring of protection from cold {unknown}
 B - an uncursed ring of ice {unknown}
 G - an uncursed ring of flight {unknown}
 J - a +2 ring of slaying {unknown}
Wands
 i - a wand of flame (17)
 A - a wand of clouds (6)
 D - a wand of digging (8)
 F - a wand of polymorph (10)
 H - a wand of paralysis (11)
Scrolls
 f - a scroll of enchant weapon {unknown}
 n - 2 scrolls of remove curse
 r - a scroll of teleportation
 C - a scroll of amnesia {unknown}
 E - a scroll of immolation
 K - a scroll of fear
 L - a scroll of enchant armour {unknown}
Potions
 h - 2 potions of flight
 k - a potion of agility
 l - a potion of magic
 p - a potion of resistance
 s - 3 potions of degeneration
 u - 2 potions of mutation {unknown}
 w - 2 potions of ambrosia {unknown}
 z - a potion of lignification {unknown}
Comestibles
 g - 19 rations


   Skills:
 * Level 10.6 Fighting
 + Level 9.3 Short Blades
 + Level 7.8 Throwing
 * Level 11.3 Dodging
 + Level 10.8 Stealth


You had 4 spell levels left.
You knew the following spells:

 Your Spells              Type           Power        Failure   Level  Hunger
a - Invisibility          Hex            #.......     100%        6    #######

Your spell library contained the following spells:

 Spells                   Type           Power        Failure   Level  Hunger
 Apportation              Tloc           #.....       32%         1    ##.....
 Tukima's Dance           Hex            #.......     69%         3    ####...
 Summon Butterflies       Summ           #.......     32%         1    ##.....
 Alistair's Intoxication  Tmut/Pois      #.......     100%        5    ######.
 Lesser Beckoning         Tloc           #.........   69%         3    ####...


Dungeon Overview and Level Annotations

Branches:
Dungeon (10/15)            Temple (1/1) D:6            Lair (0/6) D:10
    Orc (0/2) D:9

Altars:
Ashenzari
Cheibriados
Dithmenos
Elyvilon
Fedhas
Gozag
Hepliaklqana
Kikubaaqudgha
Makhleb
Nemelex Xobeh
Okawaru
Qazlal
Ru
Sif Muna
Trog
Uskayaw
Vehumet
Wu Jian
Xom
Yredelemnul
Zin
The Shining One

Annotations:
D:3 Grinder
D:10 exclusion: obsidian statue


Innate Abilities, Weirdness & Mutations

You are small and have problems with some larger weapons.
You are carnivorous and can eat meat at any time.


Message History

The yak is lightly wounded.
The yak completely misses you.
You hit the yak. You freeze the yak.
The yak is moderately wounded.
The yak completely misses you.
You completely miss the yak.
The yak is moderately wounded.
You hit the yak. You freeze the yak.
The yak is moderately wounded.
The yak misses you.
You hit the yak but do no damage.
The yak is moderately wounded.
You hit the yak. You freeze the yak.
The yak is moderately wounded.
The yak gores you!
* * * LOW HITPOINT WARNING * * *
You hit the yak. You freeze the yak.
The yak is heavily wounded.
The yak gores you!
You die...

...#.......##'#######
...####'#####.......#
......>.....#.......#
............#.......#
'##.........#.......#
..+.........#######'##
..#..................#
..#............Y.....#
..#.............@....#
..#.....[............#
..#..................#
..#..................#
.)#..................#
..#..................#
..#..................#
..#.........##########
..#.........#


You could see a yak.

Vanquished Creatures
  Erolcha (D:9)
  2 two-headed ogres (D:10)
  Pikel (D:7)
  Prince Ribbit (D:9)
  A hippogriff (D:10)
  Sigmund (D:2)
  A spriggan (D:7)
  A vampire (D:8)
  11 yaks
  Menkaure (D:5)
  4 wargs (D:9)
  Edmund (D:6)
  A black bear (D:7)
  Duvessa (D:6)
  4 orc warriors
  A sky beast (D:10)
  2 phantoms
  2 necrophages
  3 slaves (D:8)
  4 ogres
  2 centaurs
  A crocodile (D:7)
  9 bullfrogs
  Dowan (D:6)
  3 scorpions
  11 killer bees
  6 wights
  An electric eel (D:7)
  4 crimson imps
  2 hounds
  3 centaur skeletons
  7 orc priests
  A bullfrog skeleton (D:5)
  3 jellies
  A gnoll shaman (D:7)
  3 iguanas
  10 orc wizards
  5 worker ants
  A hound skeleton (D:7)
  3 worker ant zombies
  7 gnolls
  A howler monkey zombie (D:7)
  6 adders
  2 shadow imps (D:5)
  An adder zombie (D:5)
  An adder skeleton (D:9)
  3 worms
  2 dart slugs
  5 leopard geckos
  27 orcs
  9 giant cockroaches
  5 goblins
  10 hobgoblins
  6 jackals
  7 quokkas
  A ball python (D:2)
  A ball python zombie (D:6)
  3 bats
  4 frilled lizards
  A jackal skeleton (D:8)
  13 kobolds
  A quokka skeleton (D:7)
  5 rats
242 creatures vanquished.

Notes
Turn   | Place    | Note
-------+----------+-------------------------------------------
     0 | D:1      | Doobh the Kobold Assassin began the quest for the Orb.
     0 | D:1      | Reached XP level 1. HP: 12/12 MP: 1/1
   438 | D:1      | Reached XP level 2. HP: 13/18 MP: 2/2
   959 | D:1      | Reached XP level 3. HP: 20/22 MP: 3/3
  1107 | D:1      | Reached skill level 2 in Dodging
  1750 | D:2      | Noticed Sigmund
  1760 | D:2      | Killed Sigmund
  1760 | D:2      | Reached skill level 3 in Dodging
  1760 | D:2      | Reached XP level 4. HP: 22/29 MP: 4/4
  1760 | D:2      | Reached XP level 5. HP: 25/33 MP: 5/5
  1760 | D:2      | Reached XP level 6. HP: 29/38 MP: 6/6
  2548 | D:3      | Noticed Grinder
  2652 | D:4      | Noticed an ogre
  2660 | D:4      | Reached skill level 4 in Dodging
  3032 | D:4      | Noticed an ogre
  3036 | D:4      | Killed an ogre
  3036 | D:4      | Reached XP level 7. HP: 44/44 MP: 7/7
  3485 | D:4      | Reached skill level 5 in Fighting
  3485 | D:4      | Reached skill level 5 in Dodging
  4121 | D:5      | Entered Level 5 of the Dungeon
  4131 | D:5      | Reached XP level 8. HP: 49/49 MP: 8/8
  4280 | D:5      | Noticed Menkaure
  4836 | D:5      | You fall through a shaft for 3 floors!
  4838 | D:8      | Reached skill level 5 in Short Blades
  4943 | D:8      | Found a shimmering altar of Xom.
  5520 | D:7      | Reached skill level 6 in Dodging
  6003 | D:6      | Noticed Dowan
  6003 | D:6      | Reached XP level 9. HP: 16/56 MP: 9/9
  6680 | D:5      | Killed Menkaure
  6680 | D:5      | Reached skill level 5 in Throwing
  6680 | D:5      | Reached skill level 7 in Dodging
  7094 | D:6      | Noticed Duvessa
  7126 | D:6      | Killed Duvessa
  7153 | D:6      | Killed Dowan
  7843 | D:6      | Found a staircase to the Ecumenical Temple.
  7853 | Temple   | Entered the Ecumenical Temple
  7883 | Temple   | Became a worshipper of Dithmenos the Shadowed
  8208 | D:6      | Noticed Edmund
  8247 | D:6      | Killed Edmund
  8247 | D:6      | Reached skill level 8 in Dodging
  8361 | D:6      | Noticed a dagger
  8362 | D:6      | Found a hide-covered altar of Uskayaw.
  8363 | D:6      | Noticed a dagger
  8422 | D:6      | Found a sparkling altar of Nemelex Xobeh.
  8754 | D:7      | Reached XP level 10. HP: 40/64 MP: 10/10
  8817 | D:7      | Reached * piety under Dithmenos
  9263 | D:7      | Reached skill level 9 in Dodging
 10175 | D:8      | Reached ** piety under Dithmenos
 10209 | D:8      | Noticed Pikel
 10375 | D:7      | Killed Pikel
 10535 | D:9      | Noticed Erolcha
 10563 | D:9      | Killed Erolcha
 10563 | D:9      | Reached skill level 10 in Dodging
 10563 | D:9      | Reached XP level 11. HP: 68/70 MP: 11/11
 10686 | D:9      | Found a staircase to the Orcish Mines.
 10705 | D:9      | Reached skill level 10 in Stealth
 10784 | D:9      | Learned a level 6 spell: Invisibility
 10802 | D:9      | Noticed Prince Ribbit
 10809 | D:9      | Killed Prince Ribbit
 10874 | D:9      | Reached skill level 10 in Fighting
 11343 | D:10     | Entered Level 10 of the Dungeon
 11355 | D:10     | Found a staircase to the Lair.
 11374 | D:10     | Noticed a two-headed ogre
 11381 | D:10     | Killed a two-headed ogre
 11421 | D:10     | Found a sparkling altar of Nemelex Xobeh.
 11476 | D:10     | Noticed an obsidian statue
 11499 | D:10     | Noticed a two-headed ogre
 11506 | D:10     | Killed a two-headed ogre
 11506 | D:10     | Reached skill level 11 in Dodging
 11985 | D:9      | Slain by a yak

Skill      XL: |  1  2  3  4  5  6  7  8  9 10 11 |
---------------+----------------------------------+-----
Short Blades   | 3 4 5 6 8 9 |  9.3
Dodging        | 3 4 5 6 8 10 11 | 11.3
Fighting       | 4 5 6 8 9 10 | 10.6
Throwing       | 3 4 5 6 7 |  7.8
Stealth        | 6 7 8 9 10 | 10.8

Action                   |  1- 3 |  4- 6 |  7- 9 | 10-12 || total
-------------------------+-------+-------+-------+-------++-------
Melee: Dagger            |    83 |   109 |   333 |    66 ||   591
       Short sword       |       |       |   104 |   428 ||   532
 Fire: Blowgun           |    12 |     5 |    88 |    16 ||   121
Evoke: Wand              |       |       |     3 |     7 ||    10
  Use: Scroll            |     2 |     2 |    10 |     5 ||    19
       Potion            |       |     3 |     5 |     2 ||    10
 Stab: Sleeping          |    13 |     8 |    15 |    13 ||    49
       Distracted        |       |       |     2 |       ||     2
  Eat: Chunk             |    11 |     3 |    19 |    10 ||    43
Armor: Robe              |     7 |    18 |    11 |    17 ||    53
Dodge: Dodged            |    31 |    73 |   304 |   412 ||   820
